AoeStats
← neoareyaneg

Oasis

507580449Analyzed
3v3 RM · 14d ago on Sep 18, 2026· 62m 31s· 6 players
Game mode
Random Map
Map size
Normal (6 player)
Population
200
Speed
Normal
Resources
Standard
Victory
Conquest
Starting age
Dark Age
Ending age
Imperial Age
RankedLock teamsTeams togetherTeam positionsShared explorationLock speedFull tech treeHidden civsTurbo modeCheats
Victory
Defeat
🇵🇱 Spanish · Poland
832
+18
🇵🇱 Khmer · Poland
817
+18
🇵🇱 Turks · Poland
785
+19
🇲🇽 Vikings · Mexico
887
-19
🇲🇽 Franks · Mexico
857
-18
🇲🇽 Khmer · Mexico
852
-18
Art_V8
10:47 Feudal Age
12:38 Double-Bit Axe
25:12 Castle Age
24:02 Forging
24:06 Scale Barding Armor
25:01 Gold Mining
25:03 Stone Mining
27:38 Town Watch
28:13 Husbandry
28:47 Bow Saw
29:50 Wheelbarrow
32:38 Iron Casting
34:12 Gold Shaft Mining
36:25 Chain Barding Armor
37:04 Hand Cart
37:31 Caravan
41:08 Imperial Age
40:58 Masonry
40:45 Murder Holes
41:11 Ballistics
41:14 Cavalier
42:57 Blast Furnace
42:32 Plate Barding Armor
42:22 Conscription
42:04 Chivalry
42:41 Hoardings
42:15 Chivalry
44:21 Chemistry
43:29 Town Patrol
43:16 Loom
43:59 Paladin
45:57 Architecture
55:51 Light Cavalry
luisvideorock
5:13 Loom
11:19 Feudal Age
11:22 Man-at-Arms
13:13 Forging
13:03 Scale Mail Armor
13:12 Scale Mail Armor
22:11 Castle Age
20:09 Horse Collar
20:17 Double-Bit Axe
20:37 Gold Mining
20:38 Stone Mining
22:59 Heavy Plow
23:12 Bow Saw
22:58 Stone Mining
24:53 Long Swordsman
25:21 Gambesons
25:36 Squires
26:53 Town Watch
30:13 Iron Casting
29:54 Chain Mail Armor
31:08 Pikeman
34:56 Padded Archer Armor
37:49 Ballistics
41:31 Imperial Age
39:06 Fletching
39:51 Bodkin Arrow
40:11 Leather Archer Armor
41:33 Gold Shaft Mining
41:20 Murder Holes
41:45 Leather Archer Armor
42:12 Bracer
42:28 Chain Mail Armor
45:02 Chieftains
45:48 Onager
48:38 Chemistry
48:53 Crop Rotation
57:05 Ring Archer Armor
57:37 Blast Furnace
57:07 Plate Mail Armor
neoareyaneg
3:30 Loom
9:32 Feudal Age
13:57 Horse Collar
14:31 Double-Bit Axe
19:40 Castle Age
19:15 Bloodlines
19:39 Scale Barding Armor
19:34 Scale Mail Armor
23:26 Wheelbarrow
22:36 Town Watch
24:00 Bow Saw
23:19 Light Cavalry
24:15 Gold Mining
24:15 Stone Mining
24:15 Gold Mining
27:32 Town Patrol
28:40 Hand Cart
31:36 Tusk Swords
33:49 Fletching
34:00 Padded Archer Armor
38:53 Imperial Age
36:50 Murder Holes
37:30 Ballistics
40:27 Hoardings
39:13 Elite Ballista Elephant
40:35 Hoardings
39:21 Elite Ballista Elephant
39:42 Elite Battle Elephant
41:04 Redemption
41:06 Fervor
41:24 Illumination
40:29 Cavalier
41:09 Husbandry
42:19 Double Crossbow
48:03 Hussar
50:18 Heavy Scorpion
VIT | Hera
11:33 Feudal Age
12:14 Horse Collar
12:21 Double-Bit Axe
16:40 Forging
16:35 Scale Barding Armor
18:07 Bloodlines
21:46 Castle Age
20:04 Gold Mining
20:04 Stone Mining
23:40 Heavy Plow
23:50 Bow Saw
24:23 Wheelbarrow
24:55 Husbandry
26:24 Gold Shaft Mining
26:26 Stone Shaft Mining
28:56 Hand Cart
35:09 Imperial Age
34:46 Caravan
36:40 Ballistics
37:20 Chemistry
36:26 Siege Engineers
36:58 Crop Rotation
37:12 Iron Casting
36:57 Chain Barding Armor
36:33 Fletching
37:12 Conscription
37:46 Double Crossbow
37:07 Elite Ballista Elephant
44:14 Masonry
45:19 Blast Furnace
44:55 Plate Barding Armor
44:16 Bodkin Arrow
48:36 Bracer
58:21 Light Cavalry
Wici3858
12:11 Feudal Age
19:13 Castle Age
17:40 Horse Collar
18:06 Double-Bit Axe
19:12 Stone Mining
19:17 Gold Mining
20:49 Stone Shaft Mining
20:38 Heavy Plow
28:59 Stone Shaft Mining
30:44 Wheelbarrow
33:11 Imperial Age
33:27 Caravan
33:49 Bow Saw
34:25 Conscription
33:29 Elite Conquistador
34:32 Supremacy
34:14 Inquisition
34:36 Bloodlines
34:30 Husbandry
35:23 Hand Cart
34:57 Light Cavalry
37:40 Hussar
40:13 Forging
40:04 Padded Archer Armor
41:23 Chemistry
41:34 Iron Casting
41:05 Scale Barding Armor
42:09 Leather Archer Armor
45:55 Blast Furnace
45:26 Ring Archer Armor
45:17 Chain Barding Armor
50:02 Plate Barding Armor
56:53 Fervor
57:04 Sanctity
57:21 Theocracy
57:11 Illumination
57:05 Block Printing
filip
9:17 Feudal Age
7:34 Loom
10:08 Horse Collar
10:14 Double-Bit Axe
19:43 Gold Mining
20:31 Wheelbarrow
25:06 Castle Age
23:08 Stone Mining
23:54 Fletching
25:28 Crossbowman
26:53 Heavy Plow
29:40 Forging
29:28 Bodkin Arrow
30:02 Bow Saw
30:33 Gold Shaft Mining
33:11 Thumb Ring
33:08 Padded Archer Armor
34:34 Murder Holes
35:25 Ballistics
35:16 Masonry
35:02 Murder Holes
38:43 Imperial Age
37:38 Caravan
38:09 Coinage
40:32 Hand Cart
42:21 Two-Man Saw
42:23 Artillery
42:43 Conscription
45:04 Husbandry
45:14 Bloodlines
47:43 Heavy Camel Rider
49:10 Conscription
49:15 Sipahi
59:37 Leather Archer Armor
59:22 Bracer
59:27 Scale Barding Armor
59:30 Artillery
58:51 Elite Janissary
Connection lost

Rejoining the realm…

Still unreachable

The connection could not be restored.

Session expired

The server has moved on; the page needs a fresh start.